Map: Base du roi Sejong EC

Players

zidar

  • Race: Zerg Zerg
  • League: Gold
  • Spawn Location: 11:00

ЖаннаФриске - Winner!

  • Race: Terran Terran
  • League: Silver
  • Spawn Location: 5:00

VOD

Have the link to the VOD?

Description

Time

  • Played on: July 2, 2016, 1:03 p.m.
  • Length: 13:27
Show
View Real Time Build Order
Export as new Build Order

zidar Zerg 

Build Orders: Hatch First 

Get SALT Encoding   

  12  0:02  Drone  
  13  0:08  Drone  
  14  0:16  Overlord  
  14  0:20  Extractor  
  13  0:23  Drone  
  15  0:35  Drone  
  16  0:52  Hatchery  
  16  0:53  Drone  
  16  0:56  Extractor  
  15  0:59  Drone  
  16  1:16  Spawning Pool  
  15  1:23  Drone  
  15  1:24  Drone  
  17  1:26  Drone  
  18  1:34  Drone  
  19  1:46  Overlord  
  19  2:05  Queen x2  
  19  2:08  Metabolic Boost  
  23  2:15  Zergling x4  
  25  2:17  Zergling x2  
  26  2:46  Hatchery  
  25  2:52  Roach Warren  
  25  2:53  Drone  
  25  2:56  Drone  
  26  3:01  Drone  
  26  3:04  Drone  
  28  3:11  Overlord  
  28  3:18  Drone x2  
  30  3:34  Roach x3  
  30  3:35  Roach  
  38  3:49  Evolution Chamber  
  38  3:54  Queen  
  39  4:01  Ravager  
  40  4:13  Roach x5  
  50  4:24  Extractor  
  49  4:40  Ravager  
  50  4:46  Overlord  
  50  5:04  Ravager  
  51  5:26  Zerg Ground Armor Level 1  
  39  5:59  Roach x6  
  39  6:00  Roach, Zergling x4  
  39  6:01  Zergling x6  
  58  6:18  Overlord  
  58  6:19  Overlord x5  
  58  6:20  Overlord  
  58  6:44  Drone x10  
  58  6:45  Roach  
  58  6:46  Spore Crawler  
  69  6:56  Lair  
  69  6:59  Drone  
  50  7:41  Ravager  
  50  7:42  Ravager  
  52  7:45  Ravager  
  52  7:46  Drone x2  
  55  7:53  Roach x11  
  77  8:05  Drone  
  78  8:06  Drone x3  
  78  8:12  Glial Reconstitution  
  52  9:51  Roach x11  
  71  9:53  Hatchery  
  33  11:33  Drone x3  
  36  12:14  Overlord x2  
  36  12:15  Overlord  
  36  13:06  Drone x6  
Show
View Real Time Build Order
Export as new Build Order

ЖаннаФриске Terran - Winner!

Build Orders:  

Get SALT Encoding   

  12  0:03  SCV  
  13  0:17  Supply Depot  
  13  0:18  SCV  
  14  0:30  SCV  
  15  0:42  SCV  
  16  0:45  Barracks  
  16  0:54  SCV  
  17  1:17  Command Center  
  17  1:25  Barracks  
  17  1:28  SCV  
  18  1:33  Refinery  
  18  1:42  Marine  
  19  1:48  SCV  
  20  1:55  Barracks  
  20  2:00  SCV  
  21  2:04  Marine  
  22  2:14  Orbital Command  
  22  2:23  Barracks Reactor  
  22  2:35  SCV  
  23  2:37  Barracks Reactor  
  23  2:42  Refinery, SCV  
  24  2:47  SCV  
  25  2:55  SCV  
  26  2:59  Barracks Tech Lab, SCV  
  26  3:02  Marine x2  
  29  3:07  Supply Depot  
  29  3:08  SCV  
  29  3:11  SCV  
  31  3:15  Marine x2  
  31  3:19  Factory  
  33  3:23  Marine x2  
  37  3:27  Marauder  
  37  3:28  SCV  
  37  3:31  SCV  
  39  3:40  Marine x2  
  41  3:42  SCV  
  41  3:48  Supply Depot  
  42  3:50  Marine x2  
  44  3:56  Stimpack  
  44  4:00  Marine  
  44  4:01  Marine  
  46  4:09  Marine, Factory Reactor, SCV x2  
  49  4:13  Starport  
  49  4:21  SCV x2  
  51  4:33  Marine x3  
  54  4:38  Supply Depot  
  54  4:43  Supply Depot  
  54  5:00  Marine, Marauder, SCV, Medivac x2  
  54  5:03  Factory Tech Lab  
  54  5:04  SCV  
  63  5:08  Marine x3  
  66  5:17  SCV, Supply Depot  
  66  5:20  Supply Depot  
  67  5:22  SCV  
  67  5:27  Marauder  
  70  5:38  Marine x4, Medivac x2  
  78  5:45  Supply Depot  
  69  6:01  Marine x2  
  69  6:02  Marine x2  
  69  6:03  Marauder  
  75  6:12  Siege Tank  
  75  6:15  Supply Depot  
  78  6:19  Marine x2  
  80  6:38  Supply Depot  
  80  6:40  Marine x2, Marauder  
  80  6:41  Marine x2  
  80  6:44  Siege Tank  
  89  6:53  Supply Depot  
  89  6:58  Marine x2  
  91  7:01  Marauder  
  68  7:38  Marine x4  
  68  7:39  Marauder  
  72  7:45  Medivac x2  
  72  7:47  Barracks  
  76  7:55  Marine x2  
  76  7:56  Marine x2, Refinery x2  
  80  8:00  Marauder  
  82  8:12  Siege Tank  
  85  8:13  Marine x3  
  85  8:14  Marine  
  89  8:22  Marauder  
  91  8:31  Marine x4  
  95  8:43  Marauder  
  97  8:49  Barracks Reactor  
  97  8:51  Marine x4  
  101  8:57  SCV  
  102  9:04  Marauder  
  102  9:08  Marine  
  102  9:09  Marine x3  
  94  9:25  Marine  
  94  9:26  Marine x2  
  43  11:32  Marine  
  43  11:33  Marine x3  
  43  11:34  Marauder  
  49  11:49  SCV  
  49  11:50  Marine x2  
  49  11:51  Marine x2  
  54  11:56  Marauder  
  54  11:59  Liberator x2  
  54  12:00  Barracks  
  54  12:01  SCV  
  57  12:08  Marine x3  
  57  12:09  Marine  
  57  12:13  SCV  
  62  12:17  Marauder  
  70  12:38  Marauder  
  72  12:45  Siege Tank  
  72  12:48  Marine  
  76  12:52  Marine x3  
  76  12:53  Marine x2  
  81  13:00  Marauder  
  83  13:06  Marine  
Tags
 
Add a new tag
Caveats
  • Supply blocks, unpowered buildings, or Contaminate may cause inaccurate times.
  • Supply counts are checked every 10 seconds.